 Dungeon Crawl Stone Soup version 0.21.1-1-g345015f (webtiles) character file.

304 Monsterracer the Conjurer (level 6, 0/43 HPs)
             Began as a Human Wizard on Feb 9, 2018.
             Was a Believer of Okawaru.
             Succumbed to a worker ant's poison
             ... on level 4 of the Dungeon.
             The game lasted 00:06:44 (4676 turns).

Monsterracer the Conjurer (Human Wizard)            Turns: 4676, Time: 00:06:44

Health: 0/43       AC:  4    Str:  7 (8)  XL:     6   Next: 66%
Magic:  4/20       EV: 12    Int: 22 (24) God:    Okawaru [**....]
Gold:   274        SH:  0    Dex: 11 (12) Spells: 2/11 levels left

rFire    . . .     SeeInvis .   b - +1 dagger (speed)
rCold    . . .     Gourm    .   (no shield)
rNeg     . . .     Faith    +   a - +0 robe
rPois    .         Spirit   .   u - +0 helmet
rElec    .         Reflect  .   (no cloak)
rCorr    .         Harm     .   s - +0 pair of gloves
MR       .....                  (no boots)
Stlth    ++........             o - amulet of faith
HPRegen  0.14/turn              p - ring of magical power
MPRegen  0.17/turn              (no ring)

@: brilliant, lethally poisoned (0 -> -4), berserk cooldown, slowed, very slow
A: no striking features
a: Heroism, Renounce Religion


You were on level 4 of the Dungeon.
You worshipped Okawaru.
Okawaru was pleased with you.
You were very hungry.

You visited 1 branch of the dungeon, and saw 4 of its levels.

You collected 274 gold pieces.

Inventory:

Hand Weapons
 b - a +1 dagger of speed (weapon)
Armour
 a - a +0 robe (worn)
 s - a +0 pair of gloves (worn)
 u - a +0 helmet (worn)
Jewellery
 o - an amulet of faith (around neck)
 p - a ring of magical power (left hand)
Wands
 f - a wand of digging (8)
Scrolls
 d - a scroll of amnesia {unknown}
 g - 10 scrolls of remove curse {unknown}
 i - 2 scrolls of teleportation {unknown}
 j - 3 scrolls of enchant weapon {unknown}
 k - 3 scrolls of identify {unknown}
 m - a scroll of fear {unknown}
 r - 2 scrolls of fog {unknown}
Potions
 n - a potion of brilliance
 q - a potion of degeneration
Comestibles
 c - 7 rations


   Skills:
 + Level 1.4 Fighting
 - Level 2.0 Dodging
 - Level 2.0 Stealth
 + Level 3.4 Spellcasting
 * Level 5.7 Conjurations
   Level 1.0 Summonings
 - Level 1.0 Translocations


You had 2 spell levels left.
You knew the following spells:

 Your Spells              Type           Power        Failure   Level  Hunger
a - Magic Dart            Conj           ####         1%          1    None
b - Conjure Flame         Conj/Fire      ####....     1%          3    ###....
c - Mephitic Cloud        Conj/Pois/Air  ####....     1%          3    ###....
e - Blink                 Tloc           N/A          1%          2    ##.....


Dungeon Overview and Level Annotations

Branches:
Dungeon (4/15)
 Temple: D:4-7

Altars:
Elyvilon
Okawaru
Qazlal


Message History

Press: ? - help, Shift-Dir - straight line, f/p - worker ant
Aim: a worker ant (heavily wounded)
The magic dart hits the worker ant.
The worker ant is heavily wounded.
* * * LOW HITPOINT WARNING * * *
You feel sick. The worker ant barely misses you.
You take 1 damage, and have 14/43 hp.
You now have 4/20 mp.
Okay, then.
Casting: Magic Dart
Confirm with . or Enter, or press ? or * to list all spells.
Aiming: Magic Dart
Press: ? - help, Shift-Dir - straight line, f/p - worker ant
Aim: a worker ant (heavily wounded)
The magic dart hits the worker ant.
The worker ant is severely wounded.
The worker ant twitches its antennae in your direction.
* * * LOW HITPOINT WARNING * * *
You feel sick. The worker ant closely misses you.
You take 1 damage, and have 13/43 hp.
You now have 3/20 mp.
Casting: Magic Dart
Confirm with . or Enter, or press ? or * to list all spells.
Aiming: Magic Dart
Press: ? - help, Shift-Dir - straight line, f/p - worker ant
Aim: a worker ant (severely wounded)
The magic dart hits the worker ant.
The worker ant is almost dead.
* * * LOW HITPOINT WARNING * * *
You feel sick. The worker ant misses you.
You take 1 damage, and have 12/43 hp.
You now have 2/20 mp.
Casting: Magic Dart
Confirm with . or Enter, or press ? or * to list all spells.
Aiming: Magic Dart
Press: ? - help, Shift-Dir - straight line, f/p - worker ant
Aim: a worker ant (almost dead)
The magic dart hits the worker ant.
You kill the worker ant!
Okawaru accepts your kill.
* * * LOW HITPOINT WARNING * * *
You feel sick.
You take 2 damage, and have 10/43 hp.
You now have 1/20 mp.
Okay, then.
It was a potion of haste.
You feel yourself speed up.
* * * LOW HITPOINT WARNING * * *
You feel sick.
You take 1 damage, and have 9/43 hp.
It was a potion of cancellation.
Your magical effects are unravelling.
You feel magically purged.
You feel yourself slow down.
* * * LOW HITPOINT WARNING * * *
You feel sick.
You take 1 damage, and have 8/43 hp.
It was a potion of brilliance.
You feel clever all of a sudden.
* * * LOW HITPOINT WARNING * * *
You feel sick. The orc barely misses you.
You take 1 damage, and have 7/43 hp.
It was a potion of degeneration.
There was something very wrong with that liquid.
You feel weakened.
You feel dopey.
You feel clumsy.
* * * LOW HITPOINT WARNING * * *
You feel sick. The orc barely misses you.
It was a potion of berserk rage.
A red film seems to cover your vision as you go berserk!
You feel yourself moving faster!
You feel mighty!
You feel sick. The orc closely misses you.
You now have 9/64 hp.
You barely miss the orc. You puncture the orc!
You kill the orc!
Okawaru accepts your kill.
You feel sick.
You take 1 damage, and have 8/64 hp.
You closely miss the orc. You barely miss the orc.
You feel sick. The orc hits you with a flail.
* * * LOW HITPOINT WARNING * * *
You take 4 damage, and have 4/64 hp.
You closely miss the orc. You hit the orc.
The orc is severely wounded.
You puncture the orc!
You kill the orc!
Okawaru accepts your kill.
* * * LOW HITPOINT WARNING * * *
You feel sick.
You take 1 damage, and have 3/64 hp.
You feel a strong urge to attack something.
* * * LOW HITPOINT WARNING * * *
You feel sick.
You take 1 damage, and have 3/64 hp.
Unknown command.
You feel your anger nearly subside.
You are no longer berserk.
You are exhausted.
You feel yourself slow down.
You now have 2/43 hp.
Unknown command.
* * * LOW HITPOINT WARNING * * *
You feel sick.
You take 1 damage, and have 1/43 hp.
You die...

##### ##
##...## ##8##
#..<..##
8...8##......#
.....##......#
.....a#......#
.....##.....##
8...8##....##
##8## #@####
########)#
#...>....#
#####.......>#
.......(a..###
#..###.##.#
#....#
###..###
#....#


You could see a worker ant.

Vanquished Creatures
  A phantom (D:4)
  A worker ant (D:4)
  Robin (D:3)
  8 adders
  2 oozes
  An adder zombie (D:1)
  3 worms
  2 dart slugs (D:1)
  2 leopard geckos (D:2)
  4 orcs
  A bat zombie (D:1)
  A giant cockroach (D:1)
  10 goblins
  14 hobgoblins
  5 jackals
  A quokka (D:3)
  5 bats
  7 frilled lizards
  7 kobolds
  5 rats
81 creatures vanquished.

Notes
Turn   | Place    | Note
-------+----------+-------------------------------------------
     0 | D:1      | Monsterracer the Human Wizard began the quest for the Orb.
     0 | D:1      | Reached XP level 1. HP: 13/13 MP: 4/4
   188 | D:1      | Reached XP level 2. HP: 19/19 MP: 4/6
   219 | D:1      | Learned a level 2 spell: Blink
   310 | D:1      | Reached skill level 2 in Conjurations
   468 | D:1      | Reached XP level 3. HP: 24/24 MP: 1/7
   473 | D:1      | Learned a level 3 spell: Conjure Flame
   620 | D:1      | Reached skill level 3 in Conjurations
  1404 | D:2      | Found a faded altar of an unknown god.
  1464 | D:2      | Became a worshipper of Warmaster Okawaru
  1464 | D:2      | Reached * piety under Okawaru
  1567 | D:2      | HP: 12/24 [adder (1)]
  1570 | D:2      | Reached XP level 4. HP: 14/30 MP: 0/8
  1575 | D:2      | Learned a level 3 spell: Mephitic Cloud
  1575 | D:2      | HP: 13/30 [poisoned by an adder]
  1951 | D:2      | HP: 11/30 [worm (11)]
  1960 | D:2      | HP: 7/30 [worm (4)]
  2282 | D:2      | Reached skill level 4 in Conjurations
  2310 | D:2      | HP: 15/30 [poisoned by an adder]
  2318 | D:2      | HP: 14/30 [poisoned by an adder]
  2326 | D:2      | HP: 12/30 [poisoned by an adder]
  2682 | D:2      | Found a white marble altar of Elyvilon.
  2717 | D:2      | Reached XP level 5. HP: 35/35 MP: 7/9
  3680 | D:3      | Noticed Robin
  3706 | D:3      | Killed Robin
  3712 | D:3      | Reached skill level 5 in Conjurations
  4482 | D:4      | Found a stormy altar of Qazlal.
  4482 | D:4      | Noticed a phantom
  4496 | D:4      | Killed a phantom
  4496 | D:4      | Reached ** piety under Okawaru
  4496 | D:4      | Reached skill level 1 in Fighting
  4496 | D:4      | Reached XP level 6. HP: 30/43 MP: 6/10
  4649 | D:4      | HP: 21/43 [worker ant (1)]
  4654 | D:4      | HP: 14/43 [poisoned by a worker ant]
  4659 | D:4      | HP: 8/43 [poisoned by a worker ant]
  4665 | D:4      | HP: 8/64 [poisoned by a worker ant]
  4670 | D:4      | HP: 3/64 [poisoned by a worker ant]
  4675 | D:4      | HP: 1/43 [poisoned by a worker ant]
  4676 | D:4      | Succumbed to a worker ant's poison

Skill      XL: |  1  2  3  4  5 |
---------------+----------------+-----
Conjurations   | 2 3 4 5 |  5.7
Fighting       | 1 |  1.4
Dodging        | |  2.0
Stealth        | |  2.0
Spellcasting   | |  3.4
Summonings     | |  1.0
Translocations | |  1.0

Action                   |  1- 3 |  4- 6 || total
-------------------------+-------+-------++-------
Melee: Unarmed           |    11 |       ||    11
       Short sword       |    14 |    19 ||    33
       Dagger            |       |     7 ||     7
 Cast: Magic Dart        |    81 |   146 ||   227
  Use: Potion            |       |     5 ||     5
  Eat: Chunk             |     2 |     8 ||    10
Armor: Robe              |    11 |     7 ||    18
Dodge: Dodged            |    27 |    40 ||    67

Vault maps used:
D:1:      saegor_arrival_fortress, st_stairs_8, hangedman_decor_growths
D:2:      chequers_ecumenical_altar_simple, elyvilon_altar_3
D:3:      wad_river_or_something, uniq_robin
D:4:      nicolae_overflow_hidden_temple, uniq_sigmund
